EL
MONTGOMERY BISCUITS @ BIRMINGHAM BARONS
07/09/2049
 
TOP OF THE 1ST
Montgomery Biscuits batting - Pitching for Birmingham Barons : RHP Mark Duffy
Pitching: RHP Mark Duffy
Batting: RHB Adam Turpin 0-0: Called Strike
0-1: Called Strike
0-2: Fly out, F6 (Line Drive, 6, EV 68.1 MPH)
Batting: LHB Mario Ocana 0-0: Ball
1-0: Ball
2-0: Ball
3-0: Called Strike
3-1: Foul Ball, location: 2F
3-2: Strikes out looking
Batting: SHB Wayne Hattan 0-0: Ball
1-0: Swinging Strike
1-1: Called Strike
1-2: Ground out 4-3 (Groundball, 4, EV 89.4 MPH)
Top of the 1st over - 0 runs, 0 hits, 0 errors, 0 left on base; Montgomery 0 - Birmingham 0
BOTTOM OF THE 1ST
Birmingham Barons batting - Pitching for Montgomery Biscuits : RHP Jeremy Price
Pitching: RHP Jeremy Price
Batting: RHB Danny Heikkila 0-0: Ball
1-0: Swinging Strike
1-1: Foul Ball, location: 2F
1-2: Ball
2-2: Ground out 6-3 (Groundball, 6, EV 109.4 MPH)
Batting: SHB Veit Geisler 0-0: Ground out U3 (Groundball, 3, EV 90.0 MPH)
Batting: SHB Ruben Velasco Jr. 0-0: Ball
1-0: Foul Ball, location: 2F
1-1: Fly out, F7 (Flyball, 78D, EV 94.4 MPH)
Bottom of the 1st over - 0 runs, 0 hits, 0 errors, 0 left on base; Montgomery 0 - Birmingham 0
TOP OF THE 2ND
Montgomery Biscuits batting - Pitching for Birmingham Barons : RHP Mark Duffy
Batting: RHB Freddy Mullen 0-0: Called Strike
0-1: Swinging Strike
0-2: Strikes out swinging
Batting: RHB Alex Zamora 0-0: Swinging Strike
0-1: Ball
1-1: SINGLE (Line Drive, 7S, EV 105.6 MPH)
Batting: RHB Jason Penfield 0-0: Ball
1-0: Ball
2-0: Called Strike
2-1: DOUBLE (Flyball, 78XD, EV 94.4 MPH)
Alex Zamora to third
Runner from 3rd tries for Home, SAFE, no throw by CF
Batting: LHB Rich Matthews 0-0: Foul Ball, location: 2F
0-1: Swinging Strike
0-2: Ball
1-2: Ball
2-2: Foul Ball, location: 2F
2-2: Fly out, F9 (Flyball, 9LM, EV 75.6 MPH)
Batting: RHB Isaiah Easter 0-0: Foul Ball, location: 2F
0-1: Foul Ball, location: 2F
0-2: Strikes out swinging
Top of the 2nd over - 1 run, 2 hits, 0 errors, 1 left on base; Montgomery 1 - Birmingham 0
BOTTOM OF THE 2ND
Birmingham Barons batting - Pitching for Montgomery Biscuits : RHP Jeremy Price
Batting: LHB Carlos Ramirez 0-0: Ball
1-0: Swinging Strike
1-1: Ball
2-1: Ball
3-1: Foul Ball, location: 2F
3-2: SINGLE (Groundball, 34D, EV 101.2 MPH)
Batting: RHB Vic Lucatero 0-0: Foul Ball, location: 2F
0-1: Grounds into double play, 6-4-3 (Groundball, 6M, EV 81.9 MPH)
Batting: LHB Jason Bell 0-0: Called Strike
0-1: Fly out, F4 (Line Drive, 34, EV 66.9 MPH)
Bottom of the 2nd over - 0 runs, 1 hit, 0 errors, 0 left on base; Montgomery 1 - Birmingham 0
TOP OF THE 3RD
Montgomery Biscuits batting - Pitching for Birmingham Barons : RHP Mark Duffy
Batting: RHB Khalil Walker 0-0: Ball
1-0: Ball
2-0: Called Strike
2-1: Ground out 5-3 (Groundball, 56, EV 90.6 MPH)
Batting: RHB Adam Turpin 0-0: Ball
1-0: Foul Ball, location: 2F
1-1: Swinging Strike
1-2: Foul Ball, location: 2F
1-2: Ball
2-2: Foul Ball, location: 2F
2-2: DOUBLE (Flyball, 8LD, EV 104.4 MPH)
Batting: LHB Mario Ocana 0-0: Ball
Adam Turpin steals 3rd base
1-0: Fly out, F8 (Flyball, 89M, EV 86.2 MPH)
Batting: SHB Wayne Hattan 0-0: Ball
1-0: Ball
2-0: Foul Ball, location: 2F
2-1: Foul Ball, location: 2F
2-2: Ground out 4-3 (Groundball, 34D, EV 80.6 MPH)
Top of the 3rd over - 0 runs, 1 hit, 0 errors, 1 left on base; Montgomery 1 - Birmingham 0
BOTTOM OF THE 3RD
Birmingham Barons batting - Pitching for Montgomery Biscuits : RHP Jeremy Price
Batting: SHB Matt Childers 0-0: Called Strike
0-1: DOUBLE (Groundball, 3D, EV 108.8 MPH)
Batting: LHB Matt Hyde 0-0: SINGLE (Flyball, 9LS, EV 89.4 MPH)
Matt Childers to third
Batting: RHB Jose Medina 0-0: Called Strike
0-1: DOUBLE (Flyball, 89XD, EV 108.8 MPH)
Matt Childers scores
Matt Hyde to third
Batting: RHB Danny Heikkila 0-0: Ball
1-0: Swinging Strike
1-1: Called Strike
1-2: Foul Ball, location: 2F
1-2: Ball
2-2: Ball
3-2: Foul Ball, location: 2F
3-2: DOUBLE (Groundball, 5L, EV 106.2 MPH)
Matt Hyde scores
Jose Medina scores
Batting: SHB Veit Geisler 0-0: Ball
1-0: Ball
2-0: Ground out 6-3 (Groundball, 6, EV 106.2 MPH)
Batting: SHB Ruben Velasco Jr. 0-0: SINGLE (Groundball, 34D, EV 99.4 MPH)
Danny Heikkila to third
Runner from 3rd tries for Home, SAFE, throw by RF to home
Batting: LHB Carlos Ramirez 0-0: Called Strike
0-1: Ball
1-1: Called Strike
Ruben Velasco Jr. is caught stealing 2nd base 2-6
1-2: Ball
2-2: Ball
3-2: Foul Ball, location: 2F
3-2: Strikes out swinging
Bottom of the 3rd over - 4 runs, 5 hits, 0 errors, 0 left on base; Montgomery 1 - Birmingham 4
TOP OF THE 4TH
Montgomery Biscuits batting - Pitching for Birmingham Barons : RHP Mark Duffy
Batting: RHB Freddy Mullen 0-0: Ball
1-0: Called Strike
1-1: Ball
2-1: Fly out, F8 (Flyball, 8RXD, EV 106.2 MPH)
Batting: RHB Alex Zamora 0-0: Fly out, F8 (Flyball, 8LM, EV 91.2 MPH)
Batting: RHB Jason Penfield 0-0: Foul Ball, location: 2F
0-1: Swinging Strike
0-2: Foul Ball, location: 2F
0-2: Ball
1-2: Strikes out swinging
Top of the 4th over - 0 runs, 0 hits, 0 errors, 0 left on base; Montgomery 1 - Birmingham 4
BOTTOM OF THE 4TH
Birmingham Barons batting - Pitching for Montgomery Biscuits : RHP Jeremy Price
Batting: RHB Vic Lucatero 0-0: DOUBLE (Flyball, 7LD, EV 104.4 MPH)
Batting: LHB Jason Bell 0-0: Ball
1-0: Fly out, F7 (Flyball, 7LD, EV 103.8 MPH)
Runner from 2nd tags up, SAFE at 3rd, no throw by LF
Batting: SHB Matt Childers 0-0: Called Strike
0-1: Called Strike
0-2: Foul Ball, location: 2F
0-2: Ball
1-2: Foul Ball, location: 2F
1-2: Strikes out swinging
Batting: LHB Matt Hyde 0-0: Called Strike
0-1: Ground out U3 (Groundball, 3, EV 80.6 MPH)
Bottom of the 4th over - 0 runs, 1 hit, 0 errors, 1 left on base; Montgomery 1 - Birmingham 4
TOP OF THE 5TH
Montgomery Biscuits batting - Pitching for Birmingham Barons : RHP Mark Duffy
Batting: LHB Rich Matthews 0-0: Called Strike
0-1: Called Strike
0-2: Ball
1-2: SINGLE (Groundball, 34S, EV 63.1 MPH) (infield hit)
Batting: RHB Isaiah Easter 0-0: Called Strike
0-1: Ball
1-1: Fly out, F8 (Flyball, 78S, EV 85.6 MPH)
Batting: RHB Khalil Walker 0-0: Grounds into double play, 4-6-3 (Groundball, 34, EV 88.8 MPH)
Top of the 5th over - 0 runs, 1 hit, 0 errors, 0 left on base; Montgomery 1 - Birmingham 4
BOTTOM OF THE 5TH
Birmingham Barons batting - Pitching for Montgomery Biscuits : RHP Jeremy Price
Batting: RHB Jose Medina 0-0: Called Strike
0-1: Ball
1-1: Swinging Strike
1-2: Foul Ball, location: 2F
1-2: Ball
2-2: Foul Ball, location: 2F
2-2: Strikes out swinging
Batting: RHB Danny Heikkila 0-0: Foul Ball, location: 2F
0-1: Ground out 6-3 (Groundball, 56, EV 93.1 MPH)
Batting: SHB Veit Geisler 0-0: Ball
1-0: Called Strike
1-1: Fly out, F9 (Flyball, 9S, EV 85.6 MPH)
Bottom of the 5th over - 0 runs, 0 hits, 0 errors, 0 left on base; Montgomery 1 - Birmingham 4
TOP OF THE 6TH
Montgomery Biscuits batting - Pitching for Birmingham Barons : RHP Mark Duffy
Batting: RHB Adam Turpin 0-0: Ball
1-0: Foul Ball, location: 2F
1-1: Ball
2-1: Foul Ball, location: 2F
2-2: Ground out 6-3 (Groundball, 56D, EV 83.1 MPH)
Batting: LHB Mario Ocana 0-0: Ball
1-0: Foul Ball, location: 2F
1-1: Ball
2-1: DOUBLE (Flyball, 8RXD, EV 96.9 MPH)
Batting: SHB Wayne Hattan 0-0: Called Strike
0-1: Ball
1-1: Called Strike
1-2: Ball
2-2: Strikes out swinging
Batting: RHB Freddy Mullen 0-0: Called Strike
0-1: Foul Ball, location: 2F
0-2: Foul Ball, location: 2F
0-2: Ground out 6-3 (Groundball, 6, EV 101.2 MPH)
Top of the 6th over - 0 runs, 1 hit, 0 errors, 1 left on base; Montgomery 1 - Birmingham 4
BOTTOM OF THE 6TH
Birmingham Barons batting - Pitching for Montgomery Biscuits : RHP Jeremy Price
Batting: SHB Ruben Velasco Jr. 0-0: Called Strike
0-1: Called Strike
0-2: Ball
1-2: Hit by Pitch
Batting: LHB Carlos Ramirez 0-0: Ball
1-0: Called Strike
1-1: Ball
2-1: Ball
3-1: Base on Balls
Ruben Velasco Jr. to second
Batting: RHB Vic Lucatero 0-0: Called Strike
0-1: Fielders Choice at 2nd, 4-6 (Groundball, 4, EV 103.1 MPH)
Ruben Velasco Jr. to third
Batting: LHB Jason Bell 0-0: Foul Ball, location: 2F
0-1: Ball
1-1: Ball
Vic Lucatero steals 2nd base
2-1: Swinging Strike
2-2: Ball
3-2: Base on Balls
Batting: SHB Matt Childers 0-0: Called Strike
0-1: Called Strike
0-2: Strikes out swinging
Batting: LHB Matt Hyde 0-0: SINGLE (Groundball, 56D, EV 95.6 MPH)
Ruben Velasco Jr. scores
Vic Lucatero to third
Jason Bell to second
Runner from 3rd tries for Home, SAFE, throw by LF to home
Pitching: RHP Cameron Bianchi
Batting: RHB Jose Medina 0-0: Ground out 5-3 (Groundball, 56S, EV 92.5 MPH)
Bottom of the 6th over - 2 runs, 1 hit, 0 errors, 2 left on base; Montgomery 1 - Birmingham 6
TOP OF THE 7TH
Montgomery Biscuits batting - Pitching for Birmingham Barons : RHP Mark Duffy
Batting: RHB Alex Zamora 0-0: Ball
1-0: Ball
2-0: Ball
3-0: Base on Balls
Batting: RHB Jason Penfield 0-0: Called Strike
0-1: Called Strike
0-2: Hit by Pitch
Alex Zamora to second
Pitching: RHP Tristan Chapple
Batting: LHB Rich Matthews 0-0: Called Strike
0-1: Foul Ball, location: 2F
0-2: Ball
1-2: Ball
2-2: SINGLE (Groundball, 4MD, EV 97.5 MPH)
Alex Zamora to third
Jason Penfield to second
Batting: RHB Isaiah Easter 0-0: Swinging Strike
0-1: Foul Ball, location: 2F
0-2: Strikes out swinging
Batting: RHB Khalil Walker 0-0: Swinging Strike
0-1: Called Strike
0-2: Foul Ball, location: 2F
0-2: Ball
1-2: Ball
2-2: Foul Ball, location: 2F
2-2: SINGLE (Groundball, 5S, EV 66.2 MPH) (infield hit)
Alex Zamora scores
Jason Penfield to third
Rich Matthews to second
Batting: RHB Adam Turpin 0-0: Called Strike
0-1: Ball
1-1: Ball
2-1: SINGLE (Line Drive, 5D, EV 102.5 MPH)
Jason Penfield scores
Rich Matthews to third
Khalil Walker to second
Batting: LHB Mario Ocana 0-0: Foul Ball, location: 2F
0-1: Ball
1-1: Called Strike
1-2: Ball
2-2: Grounds into fielders choice 6-2 (Groundball, 6, EV 90.6 MPH)
Khalil Walker to third
Adam Turpin to second
Batting: SHB Wayne Hattan 0-0: Called Strike
0-1: Ball
1-1: Foul Ball, location: 2F
1-2: Strikes out swinging
Top of the 7th over - 2 runs, 3 hits, 0 errors, 3 left on base; Montgomery 3 - Birmingham 6
BOTTOM OF THE 7TH
Birmingham Barons batting - Pitching for Montgomery Biscuits : RHP Cameron Bianchi
Batting: RHB Danny Heikkila 0-0: Ball
1-0: Swinging Strike
1-1: Foul Ball, location: 2F
1-2: Ball
2-2: Ball
3-2: Strikes out swinging
Batting: SHB Veit Geisler 0-0: Ball
1-0: Ball
2-0: Ball
3-0: Called Strike
3-1: Base on Balls
Batting: SHB Ruben Velasco Jr. 0-0: Swinging Strike
0-1: Ball
1-1: Foul Ball, location: 2F
1-2: Ball
2-2: Foul Ball, location: 2F
2-2: Fielders Choice at 2nd, 6-4 (Groundball, 6M, EV 110.0 MPH)
Batting: LHB Carlos Ramirez 0-0: SINGLE (Groundball, 34D, EV 107.5 MPH)
Ruben Velasco Jr. to second
Runner from 2nd tries for 3rd, SAFE, throw by RF made at trailing runner, OUT! 9-6
Bottom of the 7th over - 0 runs, 1 hit, 0 errors, 1 left on base; Montgomery 3 - Birmingham 6
TOP OF THE 8TH
Montgomery Biscuits batting - Pitching for Birmingham Barons : RHP Tristan Chapple
Pitching: RHP Nate Myers
Now at 1B: Dalton Silveira
Batting: RHB Freddy Mullen 0-0: Ball
1-0: Ball
2-0: Ball
3-0: Foul Ball, location: 2F
3-1: Swinging Strike
3-2: Ground out U3 (Groundball, 3S, EV 88.8 MPH)
Batting: RHB Alex Zamora 0-0: Called Strike
0-1: Ball
1-1: Ball
2-1: Called Strike
2-2: Strikes out swinging
Batting: RHB Jason Penfield 0-0: Ground out 4-3 (Groundball, 4, EV 77.5 MPH)
Top of the 8th over - 0 runs, 0 hits, 0 errors, 0 left on base; Montgomery 3 - Birmingham 6
BOTTOM OF THE 8TH
Birmingham Barons batting - Pitching for Montgomery Biscuits : RHP Cameron Bianchi
Batting: RHB Vic Lucatero 0-0: Foul Ball, location: 2F
0-1: Ball
1-1: Fly out, F9 (Flyball, 9LDF, EV 98.8 MPH)
Batting: LHB Jason Bell 0-0: Swinging Strike
0-1: Called Strike
0-2: Ball
1-2: Ball
2-2: Ball
3-2: Base on Balls
Batting: SHB Matt Childers 0-0: Ball
1-0: Fielders Choice at 2nd, 3-6 (Groundball, 34S, EV 82.5 MPH)
Batting: LHB Matt Hyde 0-0: Fielders Choice at 2nd, U6 (Groundball, 6M, EV 101.9 MPH)
Bottom of the 8th over - 0 runs, 0 hits, 0 errors, 1 left on base; Montgomery 3 - Birmingham 6
TOP OF THE 9TH
Montgomery Biscuits batting - Pitching for Birmingham Barons : RHP Nate Myers
Pitching: LHP Amari Miller
Batting: LHB Rich Matthews 0-0: Ground out 5-3 (Groundball, 6S, EV 78.8 MPH)
Batting: RHB Isaiah Easter 0-0: Swinging Strike
0-1: Called Strike
0-2: Strikes out swinging
Batting: RHB Khalil Walker 0-0: Ball
1-0: TRIPLE (Line Drive, 78XD, EV 106.2 MPH)
Batting: RHB Adam Turpin 0-0: Ball
1-0: Ball
2-0: Ball
3-0: Base on Balls
Batting: LHB Mario Ocana 0-0: DOUBLE (Flyball, 78D, EV 112.5 MPH)
Khalil Walker scores
Adam Turpin to third
Batting: SHB Wayne Hattan 0-0: SINGLE (Groundball, 4MD, EV 99.4 MPH)
Adam Turpin scores
Mario Ocana to third
Runner from 3rd tries for Home, SAFE, throw by CF to home
Wayne Hattan to second
Batting: RHB Freddy Mullen 0-0: Called Strike
0-1: TRIPLE (Line Drive, 78XD, EV 98.1 MPH)
Wayne Hattan scores
Pitching: RHP Jose Vigil
Batting: RHB Alex Zamora 0-0: Called Strike
0-1: Foul Ball, location: 2F
0-2: Ball
1-2: Ground out U3 (Groundball, 34, EV 100.6 MPH)
Top of the 9th over - 4 runs, 4 hits, 0 errors, 1 left on base; Montgomery 7 - Birmingham 6
BOTTOM OF THE 9TH
Birmingham Barons batting - Pitching for Montgomery Biscuits : RHP Cameron Bianchi
Pitching: RHP Josh McMahan
Now at 1B: Alex Genao
Pinch Hitting: LHB Joe Kirkland 0-0: Ball
1-0: Ground out U3 (Groundball, 34S, EV 91.9 MPH)
Pinch Hitting: LHB Herkko Haavikko 0-0: Foul Ball, location: 2F
0-1: Foul Ball, location: 2F
0-2: Ball
1-2: Ball
2-2: Foul Ball, location: 2F
2-2: Foul Ball, location: 2F
2-2: Strikes out looking
Batting: SHB Veit Geisler 0-0: Ball
1-0: SINGLE (Line Drive, 4D, EV 105.6 MPH)
Batting: SHB Ruben Velasco Jr. 0-0: Ball
1-0: Ball
2-0: Foul Ball, location: 2F
2-1: Ball
3-1: Fly out, F8 (Flyball, 8LM, EV 90.6 MPH)
Bottom of the 9th over - 0 runs, 1 hit, 0 errors, 1 left on base; Montgomery 7 - Birmingham 6
Sunday, July 16th , 2023 - OOTP Baseball 24.6 Build 69